 Dungeon Crawl Stone Soup version 0.29.1-2-gbd0b4ee654 (webtiles) character file.

Game seed: 3527713790625535397

1648 Icepheonix32 the Covered (level 8, -9/73 HPs)
             Began as a Minotaur Fighter on Oct 28, 2022.
             Was a Believer of Okawaru.
             Shot with an arrow by a centaur warrior (14 damage)
             ... on level 8 of the Dungeon.
             The game lasted 00:10:22 (6431 turns).

Icepheonix32 the Covered (Minotaur Fighter)         Turns: 6431, Time: 00:10:23

Health: -9/73      AC:  9    Str: 22    XL:     8   Next: 67%
Magic:  9/9        EV: 14    Int: 10    God:    Okawaru [**....]
Gold:   184        SH:  0    Dex: 19    Spells: 7/7 levels left

rFire   . . .      SeeInvis .   D - +9 shortbow of Expedience {flame, Drain Int+3 Dex+6}
rCold   + + .      Faith    .   (shield currently unavailable)
rNeg    . . .      Spirit   .   z - +3 robe of the Valley of Death {rC+ Dex+4}
rPois   .          Reflect  .   (helmet restricted)
rElec   .          Harm     .   u - scarf {shadows}
rCorr   .          Rampage  .   (no gloves)
Will    .....                   (no boots)
Stlth   ++........              (no amulet)
HPRegen 0.22/turn               j - +4 ring of protection
MPRegen 0.11/turn               f - ring of protection from cold

@: no status effects
A: horns 2, retaliatory headbutt
a: Renounce Religion, Heroism


You were on level 8 of the Dungeon.
You worshipped Okawaru.
Okawaru was pleased with you.
You visited 2 branches of the dungeon, and saw 9 of its levels.

You collected 507 gold pieces.
You spent 323 gold pieces at shops.

Inventory:

Hand Weapons
 a - a +1 war axe
 D - the +9 shortbow of Expedience (weapon) {flame, Drain Int+3 Dex+6}
   (You bought it in a shop on level 7 of the Dungeon)

   Any ammunition fired from it burns those it strikes, dealing additional fire
   damage.
   Int:       It affects your intelligence (+3).
   Dex:       It affects your dexterity (+6).
   Drain:     It drains your maximum health when unequipped.
Missiles
 A - 3 boomerangs
 B - a throwing net
Armour
 b - a +0 scale mail
 c - a +0 buckler
 u - a scarf of shadows (worn)
 z - the +3 robe of the Valley of Death (worn) {rC+ Dex+4}
   (You found it on level 6 of the Dungeon)

   Dex:       It affects your dexterity (+4).
   rC:        It protects you from cold.
Jewellery
 f - a ring of protection from cold (right hand)
 j - a +4 ring of protection (left hand)
 t - a ring of magical power
 w - a ring of resist corrosion
Wands
 q - a wand of acid (6)
 C - a wand of flame (14)
Scrolls
 m - a scroll of magic mapping
 o - 2 scrolls of enchant armour {unknown}
 p - a scroll of vulnerability {unknown}
 r - 2 scrolls of amnesia
 s - 4 scrolls of identify
 y - 2 scrolls of poison {unknown}
Potions
 d - 2 potions of might
 e - 2 potions of berserk rage {unknown}
 g - a potion of heal wounds
 h - 4 potions of curing
 i - a potion of cancellation
 k - 5 potions of brilliance {unknown}
 l - a potion of attraction
 n - 2 potions of mutation {unknown}
 v - a potion of lignification {unknown}


   Skills:
 * Level 7.3 Fighting
 - Level 6.2 Axes
 + Level 7.9 Armour
 + Level 3.7 Dodging
 + Level 1.1 Stealth
 + Level 4.9 Shields
 * Level 3.0 Invocations


You had 7 spell levels left.
You didn't know any spells.
Your spell library contained the following spells:

 Spells                   Type           Power      Damage    Failure   Level
 Poisonous Vapours        Pois/Air       0%         N/A       50%         2
 Dazzling Flash           Conj/Hex       0%         N/A       75%         3
 Portal Projectile        Hex/Tloc       0%         N/A       75%         3
 Corpse Rot               Necr/Pois/Air  0%         N/A       98%         4
 Iskenderun's Mystic Bla  Conj/Tloc      0%         2d3       98%         4
 Agony                    Necr           0%         N/A       100%        5
 Blade Hands              Tmut           0%         N/A       100%        5
 Silence                  Hex/Air        0%         N/A       100%        5
 Starburst                Conj/Fire      0%         6d3       100%        6
 Summon Small Mammal      Summ           Unusable   N/A       N/A         1
 Call Canine Familiar     Summ           Unusable   N/A       N/A         3
 Summon Guardian Golem    Hex/Summ       Unusable   N/A       N/A         3
 Tukima's Dance           Hex            Unusable   N/A       N/A         3

Dungeon Overview and Level Annotations

Branches:
Dungeon (8/15)             Temple (1/1) D:4
   Lair: D:8-11

Altars:
Ashenzari
Elyvilon
Fedhas
Gozag
Hepliaklqana
Kikubaaqudgha
Makhleb
Okawaru
Qazlal
Sif Muna
Trog
Uskayaw
Vehumet
Wu Jian
Xom
Yredelemnul
The Shining One

Shops:
D:1 ?   D:2 (   D:7 (

Annotations:
D:3 2 transporters, onesockninja's ghost, amateur MfGl


Innate Abilities, Weirdness & Mutations

You have a pair of horns on your head.
You reflexively headbutt those who attack you in melee.


Message History

d - 2 potions of might (gained 1)
Found a shortbow.
You pick up a book of Spectacle and begin reading...
You add the spells Iskenderun's Mystic Blast and Starburst to your library.
You now have 167 gold pieces (gained 13).
You now have enough gold to buy a glowing scimitar on D:7.
You can access your shopping list by pressing '$'.
You now have 184 gold pieces (gained 17).
A centaur warrior comes into view.
You shoot an arrow. The arrow hits the centaur warrior!
The arrow burns the centaur warrior.
The centaur warrior shouts!
The centaur warrior is lightly wounded.
The centaur warrior wields a +0 shortbow.
The centaur warrior shoots an arrow.
The arrow hits you!
The centaur warrior shoots an arrow.
The arrow barely misses you.
You hear a shout!
You shoot an arrow.
The arrow barely misses the centaur warrior.
The centaur warrior shoots an arrow.
The arrow barely misses you.
The centaur warrior shoots an arrow.
The arrow hits you!
Unknown command.
You shoot an arrow. The arrow hits the centaur warrior!
The arrow burns the centaur warrior.
The centaur warrior is moderately wounded.
The centaur warrior shoots an arrow.
The arrow misses you.
The centaur warrior shoots an arrow.
The arrow hits you!!
Unknown command.
Unknown command.
Okay, then.
Okay, then.
The centaur warrior shoots an arrow.
The arrow hits you.
As you read the scroll labelled LANOIQ MAIXZEV, it crumbles to dust.
Your body is wracked with pain!
* * * LOW HITPOINT WARNING * * *
The centaur warrior convulses!
It was a scroll of torment.
The centaur warrior shoots an arrow.
The arrow hits you!
* * * LOW HITPOINT WARNING * * *
The centaur warrior shoots an arrow.
The arrow hits you!
You die...

###..... ###...... .....c.
## ..... .. ... #. .#. #.#
..^ #..##.# ..###.##..#
#.....@.## #.#.. #.......#
####.#.# #.......# #......#
#.......# #......#
#.......#
.#......###)......#
.........##.......#
........<.>.......#########
##......##..#######.......#


You could see a centaur warrior.

Vanquished Creatures
  A wyvern (D:7)
  A black bear (D:5)
  A centaur (D:7)
  3 phantoms
  2 necrophages
  A bullfrog (D:6)
  3 scorpions
  4 hounds
  2 orc priests (D:6)
  2 gnoll boudas (D:7)
  3 iguanas
  Ijyb (D:3)
  4 orc wizards
  10 gnolls
  8 adders
  A shadow imp (D:5)
  A worm (D:5)
  3 dart slugs
  17 orcs
  8 ball pythons
  10 bats
  7 endoplasms
  3 giant cockroaches
  7 goblins
  12 hobgoblins
  4 jackals (D:2)
  7 kobolds
  3 quokkas
  6 frilled lizards
  8 rats
143 creatures vanquished.

Vanquished Creatures (others)
  8 plants (D:7)
8 creatures vanquished.

Grand Total: 151 creatures vanquished

Notes
Turn   | Place    | Note
-------+----------+-------------------------------------------
     0 | D:1      | Icepheonix32 the Minotaur Fighter began the quest for the
                  | Orb.
     0 | D:1      | Reached XP level 1. HP: 19/19 MP: 0/0
    49 | D:1      | Found Vuvad's Magic Scroll Shop.
    73 | D:1      | Found a faded altar of an unknown god.
   153 | D:1      | Reached XP level 2. HP: 27/27 MP: 1/1
   391 | D:1      | Reached XP level 3. HP: 33/33 MP: 2/2
  1023 | D:2      | Found Banuykin's Weapon Emporium.
  1080 | D:2      | Found an opulent altar of Gozag.
  1125 | D:2      | Reached XP level 4. HP: 41/41 MP: 3/3
  1637 | D:1      | Bought a scroll of magic mapping for 97 gold pieces
  1637 | D:1      | Bought a scroll of identify for 26 gold pieces
  1832 | D:3      | Found a transporter.
  1832 | D:3      | Noticed onesockninja's ghost (amateur MfGl)
  1836 | D:3      | Found a transporter.
  2138 | D:3      | Found a white marble altar of Elyvilon.
  2139 | D:3      | Found a burning altar of Makhleb.
  2253 | D:3      | Reached XP level 5. HP: 47/47 MP: 4/4
  2352 | D:3      | Noticed Ijyb
  2361 | D:3      | Killed Ijyb
  2362 | D:3      | Reached skill level 5 in Armour
  2619 | D:4      | Found a shimmering altar of Xom.
  2691 | D:4      | Noticed a phantom
  2701 | D:4      | Killed a phantom
  2702 | D:4      | Reached skill level 5 in Fighting
  2702 | D:4      | Reached skill level 1 in Dodging
  2766 | D:4      | Reached XP level 6. HP: 51/56 MP: 5/5
  2919 | D:4      | Found a staircase to the Ecumenical Temple.
  2933 | Temple   | Entered the Ecumenical Temple
  2975 | Temple   | Became a worshipper of Warmaster Okawaru
  3055 | D:5      | Entered Level 5 of the Dungeon
  3673 | D:5      | Reached XP level 7. HP: 62/62 MP: 6/6
  3772 | D:5      | Reached skill level 1 in Invocations
  3932 | D:5      | Reached * piety under Okawaru
  4635 | D:6      | Reached XP level 8. HP: 55/71 MP: 8/8
  4963 | D:6      | Reached ** piety under Okawaru
  5057 | D:6      | Identified the +3 robe of the Valley of Death {rC+ Dex+4}
  5367 | D:7      | Reached skill level 5 in Axes
  5605 | D:7      | Reached skill level 1 in Stealth
  6201 | D:7      | Found Astycoteps's Antique Weapon Shoppe.
  6355 | D:7      | Bought a fine shortbow for 200 gold pieces
  6355 | D:7      | Identified the +9 shortbow of Expedience {flame, Drain
                  | Int+3 Dex+6} (You bought it in a shop on level 7 of the
                  | Dungeon)
  6425 | D:8      | Noticed a centaur warrior
  6431 | D:8      | Shot with an arrow by a centaur warrior

Illustrated notes

Levels and vault maps discovered:
D:1:      reono_arrival_mine, layout_basic, serial_shops, shop,
          chequers_ecumenical_altar_simple_redux, minmay_heptomino_l4
D:2:      layout_rooms, serial_shops, shop, basic_altar,
          kennysheep_generic_room_6
D:3:      layout_basic, mainiacjoe_overflow_divided_tiny,
          gammafunk_ghost_mausoleum, uniq_ijyb
D:4:      layout_basic, mainiacjoe_overflow_paths, temple_hall
D:5:      layout_cave_pods, grunt_ministairs_7
D:6:      layout_cave_pools
D:7:      layout_basic, mainiacjoe_overflow_cross_hatched, serial_shops,
          nicolae_square_shop
D:8:      minmay_diamond_stairs, layout_rooms, gammafunk_temple_overflow_pools,
          nicolae_ru_awakened_eye, minmay_circle_x
Temple:   nicolae_temple_ecumenical_triangle

Skill      XL: |  1  2  3  4  5  6  7  8 |
---------------+-------------------------+-----
Fighting       | 4 5 6 7 |  7.3
Armour         | 4 5 6 7 |  7.9
Axes           | 3 4 6 |  6.2
Shields        | 4 |  4.9
Dodging        | 1 2 3 |  3.7
Invocations    | 2 3 |  3.0
Stealth        | 1 |  1.1

Action                   |  1- 3 |  4- 6 |  7- 9 || total
-------------------------+-------+-------+-------++-------
Melee: War axe           |    68 |   143 |   125 ||   336
       Headbutt          |     7 |    12 |    19 ||    38
 Fire: Shortbow          |       |       |     3 ||     3
  Use: Scroll            |     4 |     3 |     2 ||     9
       Potion            |       |     1 |     4 ||     5
Armor: Scale mail        |    32 |   117 |    45 ||   194
       Robe              |       |       |    31 ||    31
Dodge: Dodged            |    32 |    63 |    85 ||   180
Block: Buckler           |    12 |    39 |    30 ||    81
